 Dungeon Crawl Stone Soup version 0.25-a0-781-gc44aebf4fe (webtiles) character file.

Game seed: 2072014703948506556, levelgen mode: deterministic

98528 vurker the Stormcaller (level 15, 73/73 HPs)
             Began as a Felid Air Elementalist on Apr 12, 2020.
             Was the Champion of Vehumet.
             Quit the game on level 2 of the Lair of Beasts on Apr 15, 2020.
             The game lasted 01:10:03 (41886 turns).

vurker the Stormcaller (Felid Air Elementalist)    Turns: 41886, Time: 01:10:04

Health: 73/73      AC:  5    Str:  6    XL:     15   Next: 38%
Magic:  41/44      EV: 27    Int: 30    God:    Vehumet [******]
Gold:   813        SH:  0    Dex: 21    Spells: 2/45 levels left
                                        Lives:  0   Deaths: 2

rFire    + . .     SeeInvis +   (weapon unavailable)
rCold    + . .     Gourm    .   (shield unavailable)
rNeg     + . .     Faith    .   (armour unavailable)
rPois    .         Spirit   .   (helmet unavailable)
rElec    .         Reflect  .   (cloak unavailable)
rCorr    .         Harm     +   (gloves unavailable)
MR       ++...                  (boots unavailable)
Stlth    +++++.....             N - amulet of harm
HPRegen  0.22/turn              p - ring of Temptation {rN+ Str-2 Int+6 Dex+5}
MPRegen  0.29/turn              l - ring of magical power

@: deflect missiles, quick
A: very small, no armour, no weapons or thrown items, stealth, antennae 1, claws
1, fangs 3, yellow scales 1, see invisible, carnivore, fire resistance 1, speed
1, shaggy fur 3, slow metabolism 1, strong 2, sharp paws
}: 1/15 runes: decaying
a: Renounce Religion


You were on level 2 of the Lair of Beasts.
You worshipped Vehumet.
Vehumet was exalted by your worship.
You were not hungry.

You visited 5 branches of the dungeon, and saw 28 of its levels.
You also visited: Sewer.

You collected 2251 gold pieces.
You spent 1438 gold pieces at shops.

Inventory:

Jewellery
 l - a ring of magical power (right paw)
   (You found it on level 5 of the Dungeon)
 p - the ring of Temptation (left paw) {rN+ Str-2 Int+6 Dex+5}
   (You acquired it on level 2 of the Orcish Mines)

   [ring of intelligence]

   It affects your strength (-2).
   It affects your intelligence (+6).
   It affects your dexterity (+5).
   It protects you from negative energy.
 y - an uncursed ring of protection from magic
   (You found it on level 8 of the Dungeon)
 L - an uncursed ring of protection from cold
   (You found it on level 2 of the Lair of Beasts)
 M - a +4 ring of evasion
   (You took it off a hobgoblin on level 1 of the Dungeon)
 N - an amulet of harm (around neck)
   (You bought it in a shop on level 13 of the Dungeon)
Wands
 d - a wand of iceblast (27)
   (You found it on level 13 of the Dungeon)
 t - a wand of flame (21)
   (You found it on level 9 of the Dungeon)
 u - a wand of paralysis (14)
   (You took it off Sonja on level 2 of the Lair of Beasts)
 v - a wand of digging (5)
   (You found it on level 2 of the Swamp)
 x - a wand of acid (9)
   (You took it off Psyche on level 8 of the Dungeon)
 C - a wand of scattershot (8)
   (You found it on level 8 of the Dungeon)
 J - a wand of enslavement (8)
   (You found it on level 12 of the Dungeon)
 K - a wand of polymorph (10)
   (You found it on level 6 of the Dungeon)
Scrolls
 a - 2 scrolls of identify
 c - 8 scrolls of immolation
 g - 10 scrolls of teleportation
 j - 14 scrolls of remove curse
 k - 8 scrolls of magic mapping
 n - 5 scrolls of fear
 r - a scroll of blinking
 w - 4 scrolls of fog
 B - 4 scrolls of amnesia
 O - a scroll of summoning
Potions
 h - 8 potions of brilliance
 i - 13 potions of curing
 o - a potion of invisibility
 q - 7 potions of heal wounds
 s - 6 potions of magic
 z - a potion of cancellation
 A - a potion of mutation
 D - a potion of haste
 E - 3 potions of flight
 F - 11 potions of lignification
 H - 3 potions of resistance
Miscellaneous
 f - a phial of floods
   (You found it on level 12 of the Dungeon)
 m - a box of beasts
Comestibles
 e - 54 rations


   Skills:
 + Level 12.5 Fighting
 - Level 10.0 Dodging
 - Level 10.0 Stealth
 * Level 15.8 Spellcasting
 - Level 8.0 Conjurations
 + Level 7.3 Transmutations
 * Level 15.9 Air Magic
 - Level 5.0 Earth Magic


You had 2 spell levels left.
You knew the following spells:

 Your Spells              Type           Power        Failure   Level  Hunger
a - Shock                 Conj/Air       ####         0%          1    None
b - Lightning Bolt        Conj/Air       #######...   1%          5    None
c - Airstrike             Air            #######...   1%          4    None
i - Statue Form           Tmut/Erth      ######...    24%         6    ###....
p - Deflect Missiles      Chrm/Air       ######....   11%         6    ###....
q - Tornado               Air            #######...   54%         9    #######
x - Conjure Ball Lightni  Conj/Air       #######...   1%          6    ###....
z - Freezing Cloud        Conj/Ice/Air   ######....   3%          6    ###....

Your spell library contained the following spells:

 Spells                   Type           Power        Failure   Level  Hunger
 Chain Lightning          Conj/Air       #######...   24%         8    ######.
 Absolute Zero            Ice            ###.......   100%        9    #######
 Fire Storm               Conj/Fire      #####.....   100%        9    #######
 Animate Skeleton         Necr           N/A          1%          1    None
 Apportation              Tloc           ###...       1%          1    None
 Foxfire                  Conj/Fire      ####         1%          1    None
 Pain                     Necr           ###.         1%          1    None
 Poisonous Vapours        Pois/Air       ######       1%          2    None
 Swiftness                Chrm/Air       ######..     1%          2    None
 Song of Slaying          Chrm           ###.....     3%          2    None
 Conjure Flame            Conj/Fire      #####...     1%          3    None
 Inner Flame              Hex/Fire       ###.....     1%          3    None
 Mephitic Cloud           Conj/Pois/Air  ######..     1%          3    None
 Static Discharge         Conj/Air       #######.     1%          3    None
 Sticky Flame             Conj/Fire      #####...     1%          4    None
 Summon Lightning Spire   Summ/Air       ######..     1%          4    None
 Silence                  Hex/Air        ######....   1%          5    None
 Bolt of Magma            Conj/Fire/Erth #####.....   2%          5    None
 Fireball                 Conj/Fire      #####.....   3%          5    None
 Iskenderun's Battlesphe  Conj/Chrm      #####...     3%          5    None
 Iron Shot                Conj/Erth      ######....   5%          6    ###....
 Ozocubu's Armour         Chrm/Ice       ###.....     6%          3    None
 Vampiric Draining        Necr           ###.......   6%          3    None
 Leda's Liquefaction      Hex/Erth       #####.....   7%          4    None
 Orb of Destruction       Conj           ######....   16%         7    #####..
 Animate Dead             Necr           N/A          19%         4    None
 Agony                    Necr           ###.....     47%         5    None
 Spellforged Servitor     Conj/Summ      #####.....   58%         7    #####..
 Dispersal                Tloc           ###.......   96%         6    ###....
 Ring of Flames           Chrm/Fire      ###.......   100%        7    #####..
 Shatter                  Erth           ######....   100%        9    #######
 Spectral Weapon          Hex/Chrm       Unusable     N/A         3    N/A

Dungeon Overview and Level Annotations

Branches:
Dungeon (15/15)            Temple (0/1) D:5            Lair (6/6) D:10
  Swamp (4/4) Lair:4       Spider (1/4) Lair:2        Slime (0/5) Lair:6
    Orc (2/2) D:11            Elf (0/3) Orc:2        Vaults (0/5) D:14
 Depths (0/5) D:15          Sewer (visited)

Altars:
Ashenzari
Cheibriados
Dithmenos
Elyvilon
Gozag
Hepliaklqana
Kikubaaqudgha
Makhleb
Nemelex Xobeh
Okawaru
Ru
Trog
Uskayaw
Vehumet
Jiyva

Shops:
D:5 [![(   D:6 *   D:7 [   D:9 *   D:12 [   D:13 =%!   D:15 %   Orc:2 ([(:?

Portals:
Abyss: D:10

Annotations:
D:10 2 transporters, Grendash's ghost, novice MiFi
D:11 3 runed translucent doors, Mergh's ghost, journeyman MiFi
D:12 3 runed translucent doors, catzilla's ghost, journeyman MiBe
Lair:6 1 runed translucent door
Swamp:3 Roxanne
Swamp:4 2 transporters, Lugonue's ghost, adept MfGl


Innate Abilities, Weirdness & Mutations

You cannot wear armour.
You are incapable of wielding weapons or throwing items.
Your paws allow you to move quietly. (Stealth)
You have sharp claws.
You have razor-sharp teeth.
You have supernaturally acute eyesight. (SInv)
You are carnivorous and can eat meat at any time.
You cover ground quickly.
Your thick and shaggy fur keeps you warm. (AC +3, rC+)
You have a slow metabolism.
Your sharp claws are effective at attacking unaware monsters.
You have a pair of small antennae on your head.
You are partially covered in yellow scales. (AC +2)
Your flesh is heat resistant. (rF+)
Your muscles are very strong. (Str +4)


Message History

The demonic crawler completely misses you. x2
The demonic crawler hits you but does no damage.
The demonic crawler barely misses you. The demonic crawler hits you.
* * * LOW HITPOINT WARNING * * *
The demonic crawler misses you. x3
The demonic crawler hits you but does no damage.
The demonic crawler barely misses you.
The demonic crawler completely misses you.
The demonic crawler hits you.
* * * LOW HITPOINT WARNING * * *
Your ball lightning explodes!
The blast of lightning engulfs the demonic crawler!
The demonic crawler resists.
The blast of lightning engulfs the demonic crawler!
The demonic crawler resists.
The blast of lightning engulfs your ball lightning.
Your ball lightning completely resists.
The blast of lightning engulfs the fungus!!
You destroy the fungus!
The blast of lightning engulfs you. You resist.
You die...
Your shape twists and changes as you die.
Your ball lightning explodes!
The blast of lightning engulfs the demonic crawler!
The demonic crawler resists.
You kill the demonic crawler!
Vehumet accepts your kill.
You feel your power returning. The blast of lightning engulfs you! You resist.
The blast of lightning engulfs the fungus!
The blast of lightning engulfs the demonic crawler.
The demonic crawler resists.
The blast of lightning engulfs your ball lightning.
Your ball lightning completely resists.
Your ball lightning explodes!
The blast of lightning engulfs you. You resist.
The blast of lightning engulfs the demonic crawler!
The demonic crawler resists.
The demonic crawler completely misses you.
The demonic crawler hits you but does no damage.
The demonic crawler completely misses you.
You are now level 15!
You revert to your normal fleshy form.
You rejoin the land of the living...
Aim: a demonic crawler (almost dead)
The air twists around and strikes the demonic crawler!
You kill the demonic crawler!
Vehumet accepts your kill.
You feel your power returning.
You can't see any susceptible monsters within range! (Use Z to cast anyway.)
You can't see any susceptible monsters within range! (Use Z to cast anyway.)

#.#...#...# #.......
##........##
##...... ##...#....#
##.).... #..[#...##
#....... #.......#
#....... #.......#
#.......
#.(.....#####......
#........P#.P......
#.@................
#.............)....
#...P..............
##......†####.......
#.........# ##......
#........## #.......
##........# ##......
#........## #......
##.......# #......


There were no monsters in sight!

Vanquished Creatures
  Nikola (Swamp:4)
  Gastronok (D:8)
  2 thorn hunters (Swamp:4)
  Agnes (D:14)
  A storm dragon (D:13)
  A frost giant (D:13)
  Louise (Swamp:2)
  An emperor scorpion (Spider:1)
  3 very ugly things
  Azrael (D:13)
  2 green deaths (Swamp:4)
  A death ooze (Swamp:4)
  An ettin (D:15)
  2 ghost crabs
  An ice dragon (Lair:6)
  13 hydras
  2 hell beasts (Swamp:4)
  2 catoblepae
  8 two-headed ogres
  3 centaur warriors
  24 alligators
  A queen ant (Lair:2)
  2 ogre magi (D:15)
  A death knight (D:12)
  2 tengu warriors (D:14)
  12 death yaks
  A thrashing horror (Swamp:4)
  3 spriggans
  Sonja (Lair:2)
  A hell knight (D:15)
  4 unseen horrors
  A flayed ghost (D:13)
  Pikel (D:9)
  7 swamp dragons
  A deep elf mage (D:14)
  A lindwurm (Lair:6)
  A necromancer (D:14)
  5 orc knights
  27 ugly things
  A manticore (D:15)
  3 cyclopes
  3 wolf spiders
  12 elephants
  A black mamba (Lair:2)
  Maurice (D:8)
  Joseph (D:7)
  Psyche (D:8)
  An orange demon (Swamp:4)
  14 spiny frogs
  5 torpor snails (Lair:6)
  Maggie (D:6)
  2 gargoyles
  An efreet (D:15)
  4 demonic crawlers
  2 kobold demonologists
  6 komodo dragons
  5 yaktaurs (D:15)
  2 tengu conjurers (D:14)
  3 jumping spiders (Spider:1)
  14 tyrant leeches
  7 trolls
  A queen bee (D:12)
  14 hornets
  28 slime creatures
  16 bog bodies
  3 meliai (D:12)
  A wolf spider simulacrum (D:15)
  5 blink frogs
  Prince Ribbit (D:7)
  10 hippogriffs
  A tarantella (Spider:1)
  6 redbacks
  5 shadows
  A water elemental (D:13)
  2 wyverns
  41 yaks
  A wraith (D:14)
  6 basilisks
  A fire elemental (D:13)
  6 hungry ghosts
  14 vampire mosquitoes
  5 soldier ants (Lair:2)
  A large abomination (Swamp:4)
  18 swamp worms
  3 acid dragons
  18 insubstantial wisps
  5 hell hounds (D:13)
  12 water moccasins
  5 porcupines
  9 ice beasts
  30 orc warriors
  3 sky beasts
  A phantom (D:10)
  2 black bears
  5 swamp drakes
  2 eyes of draining (D:13)
  A necrophage (D:12)
  4 slaves (D:9)
  8 ogres
  11 centaurs
  4 wolves (Lair:5)
  14 crocodiles
  2 big kobolds
  18 bullfrogs
  3 wyvern zombies
  3 scorpions
  34 killer bees
  7 wights
  A howler monkey (D:6)
  An electric eel (Lair:3)
  8 crimson imps
  3 quasits
  10 orc priests
  6 centaur zombies
  3 bullfrog skeletons
  3 bullfrog zombies
  11 jellies
  8 hounds
  4 centaur skeletons
  18 orc wizards
  3 iguanas
  29 worker ants
  A killer bee zombie (D:7)
  A hound skeleton (D:10)
  A worker ant zombie (D:10)
  Robin (D:2)
  16 adders
  3 gnolls (D:7)
  4 river rats (Sewer)
  2 shadow imps
  16 oozes
  An adder skeleton (D:5)
  2 worms
  4 dart slugs (D:1)
  5 leopard geckos
  73 orcs
  11 ball pythons
  3 giant cockroaches
  14 goblins
  12 hobgoblins
  4 jackals
  23 kobolds
  3 quokkas
  10 bats
  7 frilled lizards
  9 rats
  2 fungi
  5 plants
966 creatures vanquished.

Vanquished Creatures (others)
  2 electric eels (D:13)
  A crimson imp (D:9)
  31 ball lightnings
  15 fungi
  16 plants
65 creatures vanquished.

Grand Total: 1031 creatures vanquished

Notes
Turn   | Place    | Note
-------+----------+-------------------------------------------
     0 | D:1      | vurker the Felid Air Elementalist began the quest for the
                  | Orb.
     0 | D:1      | Reached XP level 1. HP: 7/7 MP: 4/4
   108 | D:1      | Reached skill level 1 in Conjurations
   178 | D:1      | Reached XP level 2. HP: 12/12 MP: 0/6
   974 | D:1      | Reached XP level 3. HP: 15/15 MP: 3/7
  1312 | D:2      | Reached skill level 1 in Fighting
  1657 | D:2      | Noticed Robin
  1688 | D:2      | Killed Robin
  1688 | D:2      | Reached XP level 4. HP: 9/19 MP: 0/9
  2024 | D:2      | Found a shattered altar of Ashenzari.
  2069 | D:2      | Found a faded altar of an unknown god.
  2392 | D:2      | Found a snail-covered altar of Cheibriados.
  2398 | D:2      | Found a white marble altar of Elyvilon.
  2424 | D:2      | Found an opulent altar of Gozag.
  2939 | D:3      | Reached XP level 5. HP: 22/22 MP: 3/10
  3250 | D:3      | Found a glowing drain.
  3264 | Sewer    | Entered a sewer
  3333 | Sewer    | Learned a level 5 spell: Lightning Bolt
  3338 | Sewer    | Learned a level 4 spell: Airstrike
  3935 | D:3      | Gained mutation: You are covered in thick fur. (AC +2)
                  | [Felid growth]
  3935 | D:3      | Reached XP level 6. HP: 26/26 MP: 7/12
  3973 | D:3      | Found an ancient bone altar of Kikubaaqudgha.
  4572 | D:4      | Found a radiant altar of Vehumet.
  4577 | D:4      | Found a sparkling altar of Nemelex Xobeh.
  4598 | D:4      | Became a worshipper of Vehumet
  5197 | D:5      | Entered Level 5 of the Dungeon
  5554 | D:5      | Found a hazy altar of Hepliaklqana.
  5561 | D:5      | Reached XP level 7. HP: 30/30 MP: 9/14
  5670 | D:5      | Reached skill level 5 in Air Magic
  5713 | D:5      | Found Hichym's Antique Armour Shop.
  5792 | D:5      | Found Nan Yxudgh's Armour Boutique.
  5793 | D:5      | Found Kisif's Distillery.
  5815 | D:5      | Found Tuoreg's Antique Weapon Shoppe.
  6463 | D:5      | Found a staircase to the Ecumenical Temple.
  6507 | D:5      | Reached skill level 5 in Spellcasting
  6563 | D:5      | Reached XP level 8. HP: 34/34 MP: 16/16
  6782 | D:5      | Bought a potion of brilliance for 52 gold pieces
  6782 | D:5      | Bought 2 potions of lignification for 78 gold pieces
  6819 | D:6      | Noticed Maggie
  6838 | D:6      | Reached * piety under Vehumet
  6838 | D:6      | Offered knowledge of Freeze by Vehumet.
  6848 | D:6      | Killed Maggie
  7397 | D:6      | Found a shadowy altar of Dithmenos.
  7636 | D:6      | Found Koveurch's Assorted Antiques.
  7697 | D:6      | Identified the Guide on Fiery Protection
  7706 | D:6      | Learned a level 6 spell: Deflect Missiles
  8117 | D:7      | Found an iron altar of Okawaru.
  8234 | D:7      | Reached XP level 9. HP: 39/39 MP: 19/19
  8252 | D:7      | Noticed Joseph
  8920 | D:7      | Offered knowledge of Foxfire by Vehumet.
  8926 | D:7      | Reached ** piety under Vehumet
  9048 | D:7      | Found a sacrificial altar of Ru.
  9267 | D:7      | Found a burning altar of Makhleb.
  9298 | D:7      | Noticed Prince Ribbit
  9329 | D:7      | Reached skill level 5 in Fighting
  9381 | D:7      | Killed Prince Ribbit
  9381 | D:7      | Reached skill level 5 in Conjurations
  9530 | D:7      | Killed Joseph
  9855 | D:7      | Found Cuma's Armour Shop.
 10122 | D:8      | Noticed Gastronok
 10304 | D:8      | Reached XP level 10. HP: 35/44 MP: 22/22
 10555 | D:8      | Offered knowledge of Frozen Ramparts by Vehumet.
 10648 | D:8      | Reached *** piety under Vehumet
 10833 | D:8      | Noticed Maurice
 10850 | D:8      | Killed Maurice
 10955 | D:8      | Offered knowledge of Iskenderun's Mystic Blast by Vehumet.
 11211 | D:8      | Noticed Psyche
 11438 | D:8      | Killed Gastronok
 11686 | D:8      | Killed Psyche
 11738 | D:8      | Found a hide-covered altar of Uskayaw.
 12016 | D:9      | Reached XP level 11. HP: 47/49 MP: 25/25
 12159 | D:9      | Noticed Pikel
 12163 | D:9      | Killed Pikel
 12273 | D:9      | Reached **** piety under Vehumet
 12410 | D:9      | Found Gyuxt's Goods Gallery.
 12558 | D:10     | Entered Level 10 of the Dungeon
 12616 | D:10     | Found a transporter.
 12642 | D:10     | Gained mutation: You are partially covered in thin metallic
                  | scales. (AC +2) [potion of mutation]
 12642 | D:10     | Gained mutation: Your spells are a little harder to cast,
                  | but a little more powerful. [potion of mutation]
 12642 | D:10     | Gained mutation: You are frail. (-10% HP) [potion of
                  | mutation]
 12642 | D:10     | Gained mutation: You have an increased reservoir of magic.
                  | (+10% MP) [potion of mutation]
 12652 | D:10     | Found a one-way gate to the infinite horrors of the Abyss.
 12652 | D:10     | Noticed Grendash's ghost (novice MiFi)
 12671 | D:10     | Noticed a rakshasa
 12675 | D:10     | Found a transporter.
 12709 | D:10     | Identified the +2 trident of Proximity {distort, rElec rF-
                  | Str+9 Stlth-}
 12828 | D:10     | Noticed an unseen horror
 12833 | D:10     | Offered knowledge of Mephitic Cloud by Vehumet.
 12837 | D:10     | Killed an unseen horror
 13516 | D:10     | Reached skill level 10 in Air Magic
 13690 | D:10     | Found a staircase to the Lair.
 13954 | D:11     | Reached ***** piety under Vehumet
 13965 | D:11     | Noticed a two-headed ogre
 14070 | D:10     | Killed a two-headed ogre
 14070 | D:10     | Offered knowledge of Lee's Rapid Deconstruction by Vehumet.
 14070 | D:10     | Reached skill level 10 in Spellcasting
 14338 | D:11     | Noticed a cyan ugly thing
 14390 | D:10     | Killed a green ugly thing
 14605 | D:11     | Noticed a two-headed ogre
 14855 | D:11     | Found a runed translucent gate.
 14855 | D:11     | Found a runed translucent gate.
 14855 | D:11     | Found a runed translucent gate.
 14859 | D:11     | Noticed Mergh's ghost (journeyman MiFi)
 14877 | D:11     | Noticed a two-headed ogre
 14882 | D:11     | Killed a two-headed ogre
 14882 | D:11     | Gained mutation: Your thick and shaggy fur keeps you warm.
                  | (AC +3, rC+) [Felid growth]
 14882 | D:11     | Reached XP level 12. HP: 49/49 MP: 20/29
 14939 | D:11     | Killed a two-headed ogre
 14939 | D:11     | Reached skill level 5 in Stealth
 15058 | D:11     | Learned a level 6 spell: Freezing Cloud
 15151 | D:11     | Found a staircase to the Orcish Mines.
 15853 | D:12     | Reached skill level 5 in Dodging
 16218 | D:12     | Noticed a death knight
 16258 | D:12     | Killed a death knight
 16851 | D:12     | Found a runed translucent gate.
 16851 | D:12     | Found a runed translucent gate.
 16851 | D:12     | Found a runed translucent gate.
 16856 | D:12     | Noticed catzilla's ghost (journeyman MiBe)
 16898 | D:12     | Offered knowledge of Sticky Flame by Vehumet.
 17407 | D:12     | Found Wyppiena's Armour Shoppe.
 17648 | Lair:1   | Entered Level 1 of the Lair of Beasts
 17876 | Lair:1   | You fall into a shaft and drop 1 floor!
 17888 | Lair:2   | Noticed Sonja
 17890 | Lair:2   | Killed Sonja
 17941 | Lair:1   | Noticed a six-headed hydra
 17951 | Lair:1   | Killed a six-headed hydra
 18007 | Lair:1   | Noticed a seven-headed hydra
 18018 | Lair:1   | Killed a seven-headed hydra
 18394 | Lair:1   | Found a dark tunnel.
 18693 | Lair:2   | Found a hole to the Spider Nest.
 18825 | Lair:2   | Reached XP level 13. HP: 53/53 MP: 21/32
 21586 | Lair:4   | Found a staircase to the Swamp.
 21848 | Lair:5   | Offered knowledge of Iskenderun's Battlesphere by Vehumet.
 22035 | Lair:5   | Upgraded the game from 0.25-a0-737-g26c3a87c45 to
                  | 0.25-a0-766-g0ecfff5982
 22819 | Lair:6   | Entered Level 6 of the Lair of Beasts
 23303 | Lair:6   | Found a runed translucent door.
 23966 | Lair:6   | Reached XP level 14. HP: 58/58 MP: 19/34
 24358 | Lair:6   | Reached skill level 10 in Stealth
 24633 | Lair:6   | Found a runed translucent door.
 24633 | Lair:6   | Found a viscous altar of Jiyva.
 24634 | Lair:6   | Noticed an acid blob
 24635 | Lair:6   | Noticed an acid blob
 24636 | Lair:6   | Found a staircase to the Slime Pits.
 24737 | Lair:6   | Reached skill level 10 in Fighting
 25796 | Orc:1    | Entered Level 1 of the Orcish Mines
 25810 | Orc:1    | Offered knowledge of Conjure Ball Lightning by Vehumet.
 25820 | D:11     | Learned a level 6 spell: Conjure Ball Lightning
 26193 | Orc:2    | Entered Level 2 of the Orcish Mines
 26374 | Orc:2    | Found Rasoekuk's Magic Scroll Shoppe.
 26382 | Orc:2    | Bought a scroll of identify for 32 gold pieces
 26382 | Orc:2    | Bought a scroll of identify for 32 gold pieces
 26382 | Orc:2    | Bought a scroll of identify for 32 gold pieces
 26382 | Orc:2    | Bought a scroll of immolation for 56 gold pieces
 26382 | Orc:2    | Bought a scroll of summoning for 152 gold pieces
 26384 | Orc:2    | Identified 3 scrolls of acquirement
 26518 | Orc:2    | Reached skill level 10 in Dodging
 26739 | Orc:2    | Found Ucatumoc's Weapon Boutique.
 26739 | Orc:2    | Found Jutemo's Antique Armour Shoppe.
 26741 | Orc:2    | Found Putapsof's Antique Weapon Emporium.
 26742 | Orc:2    | Found Soli's Book Shop.
 27307 | Orc:2    | Found a staircase to the Elven Halls.
 27497 | Orc:2    | Bought a scroll of blinking for 120 gold pieces
 27497 | Orc:2    | Bought a scroll of teleportation for 48 gold pieces
 27497 | Orc:2    | Bought a scroll of teleportation for 48 gold pieces
 27497 | Orc:2    | Bought a scroll of magic mapping for 56 gold pieces
 27497 | Orc:2    | Bought a scroll of teleportation for 48 gold pieces
 27497 | Orc:2    | Bought a scroll of fear for 56 gold pieces
 27515 | Orc:2    | Identified the amulet of Boarorie {Faith rN+ MR- Str+2
                  | SInv} (You acquired it on level 2 of the Orcish Mines)
 27519 | Orc:2    | Identified the Papyrus of Harmful Calling (You acquired it
                  | on level 2 of the Orcish Mines)
 27519 | Orc:2    | Identified the ring of Temptation {rN+ Str-2 Int+6 Dex+5}
                  | (You acquired it on level 2 of the Orcish Mines)
 27971 | D:13     | Found Zyifaisi's Jewellery Emporium.
 27979 | D:13     | Bought an uncursed amulet of harm for 420 gold pieces
 28255 | D:13     | Found Bogydgh's Distillery.
 28262 | D:13     | Bought a potion of mutation for 104 gold pieces
 28262 | D:13     | Bought a potion of mutation for 104 gold pieces
 28262 | D:13     | Lost mutation: You have an increased reservoir of magic.
                  | (+10% MP) [potion of mutation]
 28262 | D:13     | Lost mutation: You are frail. (-10% HP) [potion of
                  | mutation]
 28262 | D:13     | Lost mutation: Your spells are a little harder to cast, but
                  | a little more powerful. [potion of mutation]
 28262 | D:13     | Gained mutation: You have a pair of small antennae on your
                  | head. [potion of mutation]
 28262 | D:13     | Gained mutation: You have an increased reservoir of magic.
                  | (+10% MP) [potion of mutation]
 28262 | D:13     | Lost mutation: You have an increased reservoir of magic.
                  | (+10% MP) [potion of mutation]
 28262 | D:13     | Gained mutation: You expend magic power (3 MP) to
                  | strengthen your wands. [potion of mutation]
 28263 | D:13     | Lost mutation: You expend magic power (3 MP) to strengthen
                  | your wands. [potion of mutation]
 28263 | D:13     | Lost mutation: You are partially covered in thin metallic
                  | scales. (AC +2) [potion of mutation]
 28263 | D:13     | Gained mutation: Your muscles are strong. (Str +2) [potion
                  | of mutation]
 28263 | D:13     | Gained mutation: Your muscles are very strong. (Str +4)
                  | [potion of mutation]
 28263 | D:13     | Gained mutation: Your flesh is heat resistant. (rF+)
                  | [potion of mutation]
 28263 | D:13     | Gained mutation: You are partially covered in yellow
                  | scales. (AC +2) [potion of mutation]
 28315 | D:13     | Noticed Azrael
 28321 | D:13     | Killed Azrael
 28558 | D:13     | Noticed a frost giant
 28566 | D:13     | Noticed a storm dragon
 28580 | D:13     | Killed a storm dragon
 28590 | D:13     | Killed a frost giant
 28639 | D:13     | Reached XP level 15. HP: 70/70 MP: 18/33
 28862 | D:13     | Found Biajoolu's Food Shoppe.
 29086 | D:14     | Noticed Agnes
 29095 | D:14     | Killed Agnes
 31273 | D:14     | Found a gate to the Vaults.
 31427 | D:15     | Entered Level 15 of the Dungeon
 31431 | D:15     | Offered knowledge of Ozocubu's Refrigeration by Vehumet.
 31800 | D:15     | Learned a level 9 spell: Tornado
 31857 | D:15     | Found a staircase to the Depths.
 32063 | D:15     | Found Ishiuhir's Food Shoppe.
 33223 | D:15     | Identified Sif Muna's Disquisition on Dislocation and
                  | Augmentations
 33517 | Swamp:1  | Entered Level 1 of the Swamp
 34082 | Swamp:1  | Learned a level 6 spell: Statue Form
 34094 | Swamp:1  | Reached skill level 15 in Air Magic
 34230 | Swamp:1  | Reached XP level 16. HP: 76/76 MP: 27/35
 34311 | Swamp:1  | Reached skill level 1 in Transmutations
 34371 | Swamp:1  | Reached skill level 1 in Earth Magic
 34509 | Swamp:1  | Offered knowledge of Starburst by Vehumet.
 34713 | Swamp:1  | You fall into a shaft and drop 1 floor!
 34904 | Swamp:1  | Reached skill level 15 in Spellcasting
 35475 | Swamp:2  | Noticed Louise
 35481 | Swamp:2  | Killed Louise
 37419 | Swamp:3  | Reached ****** piety under Vehumet
 37419 | Swamp:3  | Offered knowledge of Starburst by Vehumet.
 37673 | Swamp:3  | Noticed Roxanne
 38473 | Swamp:3  | Upgraded the game from 0.25-a0-766-g0ecfff5982 to
                  | 0.25-a0-781-gc44aebf4fe
 38474 | Swamp:4  | Entered Level 4 of the Swamp
 38485 | Swamp:3  | Reached skill level 5 in Transmutations
 38787 | Swamp:4  | Noticed a thorn hunter
 38793 | Swamp:4  | Killed a thorn hunter
 38954 | Swamp:4  | Noticed a thorn hunter
 38959 | Swamp:4  | Killed a thorn hunter
 39087 | Swamp:4  | Noticed Nikola
 39103 | Swamp:4  | Killed Nikola
 39128 | Swamp:4  | Slain by a spiny frog
 39129 | Swamp:4  | Reached XP level 15. HP: -2/72 MP: 4/44
 39198 | Swamp:4  | Found a transporter.
 39198 | Swamp:4  | Found a transporter.
 39272 | Swamp:4  | Identified the +1 broad axe of Disembowelment {elec, rN++
                  | Str-5}
 39276 | Swamp:4  | Found a bloodstained altar of Trog.
 39277 | Swamp:4  | Found the +7 great mace "Firestarter" {inner flame, rF++}
 39286 | Swamp:4  | Noticed Lugonue's ghost (adept MfGl)
 39297 | Swamp:4  | Identified the +8 broad axe of Integrity {antimagic, rC-
                  | Int+2 Dex+3}
 39316 | Swamp:4  | Identified the cursed +0 lajatang "Jiyziell" {venom, Int+6
                  | Dex-5}
 39595 | Swamp:4  | Reached skill level 5 in Earth Magic
 39595 | Swamp:4  | Reached XP level 16. HP: 76/76 MP: 30/36
 41118 | Swamp:3  | Offered knowledge of Fire Storm by Vehumet.
 41118 | Swamp:3  | Offered knowledge of Chain Lightning by Vehumet.
 41118 | Swamp:3  | Offered knowledge of Absolute Zero by Vehumet.
 41660 | Swamp:4  | Got a decaying rune of Zot
 41826 | Spider:1 | Entered Level 1 of the Spider Nest
 41883 | Lair:2   | HP: 3/100 [demonic crawler (3)]
 41884 | Lair:2   | Killed by an exploding ball lightning
 41885 | Lair:2   | Reached XP level 15. HP: 1/94 MP: 39/44
 41886 | Lair:2   | Quit the game

Levels and vault maps discovered:
D:1:      saegor_arrival_miasma, layout_basic
D:2:      layout_rooms, nicolae_overflow_crystal_walls,
          amethyst_overflow_temple_binary, evilmike_ruin_ashenzari,
          serial_forest, infiniplex_forest_end_1,
          infiniplex_forest_lined_room_2, infiniplex_forest_straight_3,
          infiniplex_forest_clump_long, infiniplex_forest_clump_double,
          infiniplex_forest_clump_medium, infiniplex_forest_clump_C,
          infiniplex_forest_lined_room_2,
          chequers_ecumenical_altar_simple_redux, uniq_robin
D:3:      layout_rooms, kiku_gazebo_garden_becter,
          cheibrodos_sewer_entry_sluice, first_ration, minmay_misc_feat_five,
          minmay_misc_feat_alley
D:4:      layout_loops_corners, grunt_temple_overflow_open
D:5:      layout_cave_pools, lemuel_crystal_altar,
          minmay_temple_entry_enclosed_plants, serial_shops,
          nicolae_shop_competitors_out_of_business, nicolae_shop_statue_plus,
          shop, shop
D:6:      layout_basic, grunt_dithmenos_smoke_and_mirrors, serial_shops,
          nicolae_shop_overgrown_old_shop, uniq_maggie
D:7:      layout_layer_cave, marbit_many_paths,
          nicolae_ru_great_annihilating_truth, okawaru_ov_weapons_minmay,
          serial_shops, nicolae_shop_behind_doors, uniq_prince_ribbit1,
          uniq_joseph
D:8:      lemuel_slime, layout_loops_cross, lemuel_round_altar, uniq_psyche,
          uniq_gastronok, uniq_maurice
D:9:      layout_cave_pools, nicolae_alphabet_shops, uniq_pikel
D:10:     layout_basic, david_lair_shrubbed, gammafunk_ghost_abyssal_escape
D:11:     layout_rooms, orc_0_dummy, gammafunk_ghost_necromancy
D:12:     layout_long_grid, special_room [special_room_bee],
          gauntlet_entry_generic, serial_shops, shop, gammafunk_ghost_spectres
D:13:     cross_vault, layout_rooms, serial_shops, kennysheep_little_box, shop,
          nicolae_shop_stone, grunt_pizzeria, kennysheep_generic_room_13,
          uniq_azrael
D:14:     layout_long_grid, david_vaults_4, small_statue_intersection,
          uniq_agnes
D:15:     hangedman_depths_entry_civil_slaughter, layout_basic, serial_shops,
          nicolae_shop_trees, minmay_misc_feat_room
Lair:1:   layout_regular_city, nicolae_volcano_entry_two_sided,
          lemuel_fruit_tree
Lair:2:   layout_long_grid, dummy_spider_entry, minmay_another_anthill,
          uniq_sonja
Lair:3:   statuecave_lemuel, layout_chaotic_city, minmay_stone_trees_medium,
          serial_bayou_shore_b, grunt_megastairs_5
Lair:4:   layout_small_grid, minmay_swamp_entry_worms
Lair:5:   layout_small_grid
Lair:6:   wormcave, layout_gridlike, slime_altar_2, lemuel_fruit_fields
Swamp:1:  layout_basic_swamp, evilmike_swamp_ruin_house_2, swamp_pool4
Swamp:2:  layout_basic_swamp, evilmike_swamp_ruin_house_1, uniq_louise
Swamp:3:  layout_falls_marsh, evilmike_swamp_ruin_rubble_1, uniq_roxanne
Swamp:4:  swamp_vile, layout_basic_swamp, gammafunk_ghost_wrathful_warriors,
          nicolae_swamp_very_dense_foliage, uniq_nikola
Spider:1: layout_spider_delve
Orc:1:    layout_diamond_mine, basic_altar
Orc:2:    st_orc_rangers, layout_diamond_mine, serial_shops, nicolae_shop_stone

Skill      XL: |  1  2  3  4  5  6  7  8  9 10 11 12 13 14 15 16 |
---------------+-------------------------------------------------+-----
Conjurations   | 1 2 3 4 5 7 8 |  8.0
Air Magic      | 3 4 5 6 8 9 10 11 12 13 15 | 15.9
Fighting       | 1 2 3 4 5 6 7 8 9 10 11 12 | 12.5
Spellcasting   | 3 4 5 6 7 9 10 11 12 13 14 15 | 15.8
Dodging        | 4 6 8 10 | 10.0
Stealth        | 4 7 9 10 | 10.0
Transmutations | 6 7 |  7.3
Earth Magic    | 5 4 |  5.0

Action                   |  1- 3 |  4- 6 |  7- 9 | 10-12 | 13-15 | 16-18 || total
-------------------------+-------+-------+-------+-------+-------+-------++-------
Melee: Unarmed           |    16 |     2 |       |     3 |   121 |     5 ||   147
       Bite              |     2 |       |       |       |    17 |     2 ||    21
 Cast: Shock             |    83 |   209 |    79 |    78 |    21 |       ||   470
       Airstrike         |       |     3 |   132 |   348 |   757 |   356 ||  1596
       Lightning Bolt    |       |       |       |    64 |    43 |       ||   107
       Freezing Cloud    |       |       |       |     2 |    32 |    14 ||    48
       Deflect Missiles  |       |       |       |       |     2 |     1 ||     3
       Conjure Ball Ligh |       |       |       |       |     2 |    11 ||    13
       Statue Form       |       |       |       |       |     1 |     4 ||     5
       Tornado           |       |       |       |       |       |     1 ||     1
Evoke: Wand              |       |       |     1 |     4 |     8 |       ||    13
  Use: Scroll            |       |     4 |     1 |     9 |    15 |     6 ||    35
       Potion            |       |       |     1 |     1 |     2 |     1 ||     5
  Eat: Chunk             |    10 |     5 |    28 |    43 |    43 |    14 ||   143
Armor: Skin              |     1 |     2 |     3 |     5 |     4 |    33 ||    48
Dodge: Dodged            |    30 |    70 |    27 |    57 |   151 |   209 ||   544
       Deflected         |       |       |       |       |    20 |     3 ||    23

Table legend:
 A = Non-vault XP
 B = Vault XP
 C = Vault XP percentage of total XP
 D = Non-vault monster count
 E = Vault monster count
 F = Vault count percentage of total count
                 A         B        C        D         E       F
            +---------+---------+-------+---------+---------+-------
      Total |  168818 |   68957 |  29.0 |     724 |     231 |  24.2
            +---------+---------+-------+---------+---------+-------
        D:1 |      50 |       0 |   0.0 |      22 |       0 |   0.0
        D:2 |      70 |      35 |  33.3 |      18 |      11 |  37.9
        D:3 |     170 |       4 |   2.3 |      29 |       3 |   9.4
        D:4 |      96 |       0 |   0.0 |      11 |       0 |   0.0
        D:5 |     995 |       0 |   0.0 |      25 |       0 |   0.0
        D:6 |     526 |     404 |  43.4 |      20 |       1 |   4.8
        D:7 |    2167 |     934 |  30.1 |      35 |       7 |  16.7
        D:8 |     874 |    3853 |  81.5 |      23 |      25 |  52.1
        D:9 |    1272 |     673 |  34.6 |      23 |       1 |   4.2
       D:10 |    6379 |     361 |   5.4 |      49 |       1 |   2.0
       D:11 |    5258 |       0 |   0.0 |      29 |       0 |   0.0
       D:12 |    5883 |    2608 |  30.7 |      36 |      27 |  42.9
       D:13 |    4477 |    9379 |  67.7 |      23 |      15 |  39.5
       D:14 |   18915 |    3271 |  14.7 |      52 |       3 |   5.5
       D:15 |   12612 |    5554 |  30.6 |      33 |       6 |  15.4
     Lair:1 |    3153 |       0 |   0.0 |      10 |       0 |   0.0
     Lair:2 |    4821 |    3032 |  38.6 |      15 |      23 |  60.5
     Lair:3 |    3388 |    2087 |  38.1 |      10 |       5 |  33.3
     Lair:4 |    4111 |     500 |  10.8 |      13 |       3 |  18.8
     Lair:5 |    5568 |       0 |   0.0 |      24 |       0 |   0.0
     Lair:6 |   19375 |    6544 |  25.2 |      47 |      17 |  26.6
    Swamp:1 |   16757 |       0 |   0.0 |      49 |       0 |   0.0
    Swamp:2 |   15102 |    1658 |   9.9 |      31 |       1 |   3.1
    Swamp:3 |   15450 |       0 |   0.0 |      43 |       0 |   0.0
    Swamp:4 |   14510 |   23385 |  61.7 |      25 |      31 |  55.4
   Spider:1 |    4233 |       0 |   0.0 |      10 |       0 |   0.0
      Orc:1 |    1451 |       0 |   0.0 |       8 |       0 |   0.0
      Orc:2 |    1155 |    4606 |  80.0 |      11 |      33 |  75.0
      Sewer |       0 |      69 | 100.0 |       0 |      18 | 100.0
            +---------+---------+-------+---------+---------+-------
